AoeStats
← Malelf

Arena

509179048Analyzed
1v1 RM · 5d ago on Sep 25, 2026· 29m 19s· 2 players
Game mode
Random Map
Map size
Tiny (2 player)
Population
200
Speed
Normal
Resources
Standard
Victory
Conquest
Starting age
Dark Age
Ending age
Imperial Age
RankedLock teamsTeams togetherTeam positionsShared explorationLock speedFull tech treeHidden civsTurbo modeCheats
Victory
Defeat
🇮🇹 Bohemians · Italy
1691
+13
🇨🇴 Mongols · Colombia
1636
-13
TRYHC_WRYPIG
9:58 Feudal Age
14:09 Castle Age
12:17 Double-Bit Axe
21:15 Bow Saw
23:07 Wheelbarrow
22:19 Loom
22:28 Fletching
23:16 Bodkin Arrow
23:17 Gold Mining
23:55 Stone Mining
24:58 Fortified Wall
25:19 Padded Archer Armor
26:21 Ballistics
Malelf
10:21 Feudal Age
14:20 Castle Age
12:52 Double-Bit Axe
21:13 Imperial Age
20:52 Chemistry
21:40 Padded Archer Armor
25:31 Fervor
28:09 Fletching
Connection lost

Rejoining the realm…

Still unreachable

The connection could not be restored.

Session expired

The server has moved on; the page needs a fresh start.